 Dungeon Crawl Stone Soup version 0.29.1-15-g9cfb28693d (webtiles) character file.

Game seed: 3357288491437607839

6143 Henri the Covert (level 10, -5/44 HPs)
             Began as a Vine Stalker Enchanter on Apr 25, 2023.
             Was a Believer of Wu Jian.
             Slain by an orc warrior
             ... wielding a +0 hand axe
              (16 damage)
             ... in a bailey.
             The game lasted 00:36:55 (7448 turns).

Henri the Covert (Vine Stalker Enchanter)           Turns: 7448, Time: 00:36:55

Health: -5/44      AC:  4    Str: 11    XL:     10   Next: 90%
Magic:  0/30       EV: 12    Int: 25    God:    Wu Jian [**....]
Gold:   433        SH:  0    Dex: 15    Spells: 11/22 levels left

rFire   . . .      SeeInvis .   a - +1 dagger
rCold   . . .      Faith    .   (no shield)
rNeg    + . .      Spirit   +   x - +2 robe {rN+}
rPois   .          Reflect  .   (no helmet)
rElec   .          Harm     .   (no cloak)
rCorr   .          Rampage  .   (no gloves)
Will    +....                   (no boots)
Stlth   +++++.....              (no amulet)
HPRegen 0.94/turn               i - ring of magical power
MPRegen 0.22/turn               F - +6 ring of intelligence

@: very slightly contaminated, hasted, very quick
A: fangs 3, regeneration 1, magic shield, antimagic bite, no potion heal 2
a: Renounce Religion, Wall Jump


You were in a bailey.
You worshipped Wu Jian.
Wu Jian was pleased with you.
You visited 2 branches of the dungeon, and saw 9 of its levels.
You also visited: Bailey.

You collected 466 gold pieces.
You spent 33 gold pieces at shops.

Inventory:

Hand Weapons
 a - a +1 dagger (weapon)
Missiles
 u - 10 poisoned darts (quivered)
 E - 2 throwing nets
 G - a curare-tipped dart
Armour
 b - a +0 robe
 x - a +2 robe of positive energy (worn)
 H - +0 acid dragon scales
Jewellery
 i - a ring of magical power (left hand)
 r - a +4 ring of evasion
 z - a ring of wizardry
 F - a +6 ring of intelligence (right hand)
Wands
 q - a wand of mindburst (15)
 v - a wand of flame (27)
 A - a wand of roots (19)
Scrolls
 f - a scroll of amnesia {unknown}
 h - a scroll of fear
 m - a scroll of noise {unknown}
 p - a scroll of vulnerability {unknown}
 s - a scroll of poison
 t - a scroll of enchant armour {unknown}
 y - a scroll of teleportation {unknown}
 B - 2 scrolls of identify
 D - a scroll of silence {unknown}
 I - a scroll of enchant weapon {unknown}
Potions
 c - 2 potions of invisibility
 d - 3 potions of curing
 e - a potion of attraction
 g - 2 potions of heal wounds
 j - 2 potions of brilliance
 k - 2 potions of magic
 l - a potion of cancellation
 n - 2 potions of lignification
 o - 2 potions of haste
 w - 2 potions of degeneration
 C - a potion of might
 J - 2 potions of mutation {unknown}
 K - 2 potions of resistance


   Skills:
 * Level 8.6 Short Blades
 - Level 1.5 Dodging
 * Level 12.6 Stealth
 + Level 6.8 Spellcasting
 + Level 7.2 Hexes


You had 11 spell levels left.
You knew the following spells:

 Your Spells              Type           Power      Damage    Failure   Level
a - Confusing Touch       Hex            44%        N/A       1%          3
b - Ensorcelled Hibernat  Hex/Ice        52%        N/A       2%          2
c - Tukima's Dance        Hex            44%        N/A       1%          3
d - Dazzling Flash        Conj/Hex       52%        N/A       4%          3

Your spell library contained the following spells:

 Spells                   Type           Power      Damage    Failure   Level
 Conjure Flame            Conj/Fire      8%         6-21      21%         3
 Ignite Poison            Fire/Tmut/Pois 8%         N/A       21%         3
 Ozocubu's Armour         Ice            8%         N/A       21%         3
 Metabolic Englaciation   Hex/Ice        13%        N/A       38%         5
 Sticky Flame             Conj/Fire      8%         2d3       56%         4
 Simulacrum               Ice/Necr       4%         N/A       100%        6


Dungeon Overview and Level Annotations

Branches:
Dungeon (8/15)             Temple (1/1) D:5          Bailey (1/1)
   Lair: D:8-11

Altars:
Ashenzari
Cheibriados
Elyvilon
Fedhas
Gozag
Hepliaklqana
Kikubaaqudgha
Nemelex Xobeh
Qazlal
Ru
Sif Muna
Trog
Vehumet
Wu Jian
Yredelemnul
Zin
The Shining One

Shops:
D:2 !!((!   D:7 (:[[

Annotations:
D:5 3 runed translucent doors, Peloso's ghost, novice MiFi
D:7 interesting books


Innate Abilities, Weirdness & Mutations

You have razor-sharp teeth.
Your natural rate of healing is unusually fast.
When hurt, damage is shared between your health and your magic reserves.
Your bite disrupts and absorbs the magic of your enemies.
Potions cannot restore your health.


Message History

The orc warrior barely misses you.
Unknown command.
You see here a +0 war axe.
Casting: Ensorcelled Hibernation (safe; 2% risk of failure)
Confirm with . or Enter, or press ? or * to list all spells.
Aiming: Ensorcelled Hibernation (safe; 2% risk of failure)
Press: ? - help, Shift-Dir - straight line, f - orc warrior
Aim: an orc warrior, wearing a +0 scale mail (lightly wounded, strong, chance to affect: 57%)
You miscast Ensorcelled Hibernation.
You are very lightly contaminated with residual magic.
Nothing appears to happen.
The orc warrior no longer looks unusually strong.
The orc warrior hits you!!
Casting: Ensorcelled Hibernation (safe; 2% risk of failure)
Confirm with . or Enter, or press ? or * to list all spells.
Aiming: Ensorcelled Hibernation (safe; 2% risk of failure)
Press: ? - help, Shift-Dir - straight line, f/p - orc warrior
Aim: an orc warrior, wearing a +0 scale mail (lightly wounded, strong, chance to affect: 57%)
The orc warrior looks drowsy...
The orc warrior hits you with a +0 hand axe.
Unknown command.
The helpless orc warrior fails to defend itself.
You skewer the orc warrior like a kebab!!!!
You kill the orc warrior!
The Council accepts your kill.
The orc warrior hits you with a +0 hand axe!
The orc warrior barely misses you.
Unknown command.
Casting: Ensorcelled Hibernation (safe; 2% risk of failure)
Confirm with . or Enter, or press ? or * to list all spells.
Aiming: Tukima's Dance (safe; 1% risk of failure)
Press: ? - help, Shift-Dir - straight line, f - orc warrior
Aim: an orc warrior, wielding a +0 hand axe (fast, chance to affect: 68%)
The orc warrior struggles to resist.
The orc warrior hits you with a +0 hand axe.
* * * LOW HITPOINT WARNING * * *
The orc warrior barely misses you.
You feel yourself speed up. The orc warrior barely misses you.
The orc warrior hits you with a +0 hand axe!!
You die...

############ #######
##[∩........## ##.....########
#..)...#.....######.......#.....#
#÷))).###....#...o#..##)..'.....'
#∩))...8....))))@[oo)8.†..'..).)o
#...)[###...)#[...#..##...).)[o.'
#......#.....######.......#.....#
##.∩......).## ##)....########
############ #######


You could see 2 orc warriors and an orc (strong).

Vanquished Creatures
  An orc knight (Bailey)
  A manticore (D:8)
  Maggie (D:7)
  A kobold demonologist (D:7)
  A troll (D:7)
  Grinder (D:5)
  A shadow (D:7)
  A steam dragon (D:7)
  3 water moccasins
  2 sky beasts
  4 orc warriors (Bailey)
  A black bear (D:5)
  2 ice beasts (D:7)
  A centaur (D:6)
  3 phantoms
  A kobold brigand (D:7)
  2 bullfrogs
  3 scorpions
  3 necrophages
  A wyvern zombie (D:8)
  4 wights (D:7)
  10 killer bees (D:8)
  A howler monkey (D:7)
  5 centaur zombies (D:8)
  6 hounds
  A human zombie (D:8)
  An orc priest (D:4)
  2 jellies
  4 iguanas
  5 orc wizards
  2 killer bee zombies (D:8)
  A mummy (D:3)
  A howler monkey zombie (D:8)
  5 adders
  3 shadow imps
  3 white imps
  2 ufetubi
  3 worms
  5 dart slugs
  30 orcs
  3 endoplasms (D:1)
  2 giant cockroaches
  8 goblins
  11 hobgoblins
  11 kobolds
  4 ball pythons
  A bat (D:2)
  2 frilled lizards
  2 rats (D:1)
172 creatures vanquished.

Vanquished Creatures (collateral kills)
  Sigmund (D:5)
  3 ogres
  10 orcs
14 creatures vanquished.

Vanquished Creatures (others)
  15 dancing weapons
15 creatures vanquished.

Grand Total: 201 creatures vanquished

Notes
Turn   | Place    | Note
-------+----------+-------------------------------------------
     0 | D:1      | Henri the Vine Stalker Enchanter began the quest for the
                  | Orb.
     0 | D:1      | Reached XP level 1. HP: 9/9 MP: 4/4
    43 | D:1      | Reached skill level 1 in Short Blades
   425 | D:1      | Reached XP level 2. HP: 13/13 MP: 6/6
   428 | D:1      | Learned a level 2 spell: Ensorcelled Hibernation
   447 | D:1      | Reached skill level 4 in Stealth
   967 | D:2      | Found Umefait's Distillery.
   976 | D:2      | Reached XP level 3. HP: 16/16 MP: 2/7
   981 | D:2      | Bought a potion of curing for 33 gold pieces
  1100 | D:2      | Found Upsiev's Weapon Emporium.
  1270 | D:2      | Found Wawkot's Antique Weapon Shop.
  1476 | D:2      | Found Hify's Distillery.
  1595 | D:2      | Gained mutation: Your natural rate of healing is unusually
                  | fast. [Vine Stalker growth]
  1595 | D:2      | Reached XP level 4. HP: 21/21 MP: 5/8
  1644 | D:2      | Found Mecaon's Distillery.
  1878 | D:2      | Learned a level 3 spell: Confusing Touch
  1882 | D:2      | Learned a level 3 spell: Tukima's Dance
  2179 | D:3      | Reached skill level 5 in Stealth
  2179 | D:3      | Reached XP level 5. HP: 24/24 MP: 8/10
  2201 | D:3      | Found a snail-covered altar of Cheibriados.
  2394 | D:3      | Found a faded altar of an unknown god.
  3033 | D:4      | Reached XP level 6. HP: 28/28 MP: 11/11
  3043 | D:4      | Learned a level 3 spell: Dazzling Flash
  3052 | D:4      | Reached skill level 6 in Stealth
  3473 | D:4      | Found a basalt altar of Yredelemnul.
  3812 | D:5      | Entered Level 5 of the Dungeon
  3821 | D:5      | Noticed a black bear
  3853 | D:5      | Noticed Grinder
  3925 | D:5      | Reached XP level 7. HP: 32/32 MP: 13/13
  4007 | D:5      | Noticed Sigmund
  4027 | D:5      | Killed Sigmund
  4028 | D:5      | Reached skill level 7 in Stealth
  4092 | D:5      | Gained mutation: You have razor-sharp teeth. [Vine Stalker
                  | growth]
  4092 | D:5      | Reached XP level 8. HP: 36/36 MP: 15/15
  4410 | D:5      | Reached skill level 8 in Stealth
  4448 | D:5      | Reached skill level 5 in Short Blades
  4460 | D:5      | Found a runed translucent gate.
  4462 | D:5      | Found a runed translucent gate.
  4462 | D:5      | Noticed Peloso's ghost (novice MiFi)
  4463 | D:5      | Found a runed translucent gate.
  4477 | D:5      | Found a blossoming altar of Fedhas.
  4584 | D:5      | Reached skill level 5 in Hexes
  4585 | D:5      | Found a staircase to the Ecumenical Temple.
  4595 | Temple   | Entered the Ecumenical Temple
  4648 | Temple   | Became a worshipper of the Wu Jian Council
  4754 | D:5      | Paralysed by Grinder for 2 turns
  4762 | D:5      | Killed Grinder
  4995 | D:6      | Reached skill level 9 in Stealth
  5114 | D:6      | Reached XP level 9. HP: 39/39 MP: 17/17
  5137 | D:6      | Reached skill level 5 in Spellcasting
  5492 | D:6      | Found an opulent altar of Gozag.
  5494 | D:6      | Found a white marble altar of Elyvilon.
  5658 | D:7      | Reached skill level 10 in Stealth
  5707 | D:7      | Reached * piety under Wu Jian
  5716 | D:7      | Found Keah's Weapon Boutique.
  6008 | D:7      | Noticed Maggie
  6014 | D:7      | Killed Maggie
  6032 | D:7      | Found Byky's Book Shop.
  6181 | D:7      | Found Gufucoh's Armour Emporium.
  6237 | D:7      | Found Ahaxy's Armour Shoppe.
  6308 | D:7      | Noticed a kobold demonologist
  6313 | D:7      | Noticed a rust devil
  6328 | D:7      | Reached skill level 11 in Stealth
  6328 | D:7      | Reached XP level 10. HP: 44/44 MP: 19/19
  6373 | D:7      | Noticed an orange demon
  6398 | D:7      | Killed a kobold demonologist
  6652 | D:8      | Noticed a manticore
  6654 | D:8      | Killed a manticore
  6710 | D:8      | Reached skill level 12 in Stealth
  6741 | D:8      | Reached ** piety under Wu Jian
  6748 | D:8      | Found an ancient bone altar of Kikubaaqudgha.
  6926 | D:8      | Found a radiant altar of Vehumet.
  6949 | D:8      | Found a flagged portal.
  6957 | Bailey   | Entered a bailey
  7404 | Bailey   | Noticed an orc knight
  7442 | Bailey   | Killed an orc knight
  7448 | Bailey   | Slain by an orc warrior

Illustrated notes

Levels and vault maps discovered:
D:1:      minmay_arrival_checkered_box, layout_rooms
D:2:      layout_loops_ring, serial_shops, shop, nicolae_shop_stone,
          nicolae_shop_statue_plus, shop, shop_statue
D:3:      layout_loops_ring, slow_altar_1, shapermc_ecumenical_altar_flowoftime
D:4:      layout_loops_cross, mainiacjoe_overflow_tiny_flanked
D:5:      layout_basic, lemuel_crystal_altar, temple_hall,
          gammafunk_ghost_nasty_kobolds, uniq_grinder, uniq_sigmund
D:6:      layout_basic, chequers_temple_overflow_statue_of_worship
D:7:      kennysheep_big_flooded_room, layout_rooms, serial_shops,
          shop_fountains, nicolae_inconvenience_store, nicolae_square_shop,
          nicolae_diamond_shop, uniq_maggie
D:8:      layout_basic, lemuel_mausoleum_altar_kikubaaqudgha,
          kennysheep_mini_moat, nicolae_overflow_crystal_walls, enter_bailey_3
Temple:   zaba_magenta_temple
Bailey:   bailey_polearm_5, bailey

Skill      XL: |  1  2  3  4  5  6  7  8  9 10 |
---------------+-------------------------------+-----
Short Blades   | 1 2 3 4 5 7 8 |  8.6
Stealth        | 4 5 6 7 9 11 12 | 12.6
Spellcasting   | 3 4 5 6 |  6.8
Hexes          | 4 5 6 7 |  7.2
Dodging        | |  1.5

Action                   |  1- 3 |  4- 6 |  7- 9 | 10-12 || total
-------------------------+-------+-------+-------+-------++-------
Melee: Dagger            |    68 |   116 |   156 |   140 ||   480
       Bite              |    13 |    31 |    43 |    38 ||   125
       Punch             |     1 |     2 |     1 |     3 ||     7
 Cast: Ensorcelled Hiber |    18 |    24 |    34 |    34 ||   110
       Tukima's Dance    |       |    13 |    17 |    39 ||    69
       Confusing Touch   |       |     3 |    11 |     6 ||    20
Invok: Lunge             |       |       |    31 |    20 ||    51
       Whirlwind         |       |       |       |     8 ||     8
  Use: Scroll            |     2 |     3 |     5 |     1 ||    11
       Potion            |       |       |       |     2 ||     2
 Stab: Sleeping          |    19 |    17 |    35 |    31 ||   102
       Confused          |       |     1 |     7 |     4 ||    12
Armor: Robe              |     9 |    13 |    19 |    31 ||    72
Dodge: Dodged            |    19 |    34 |    45 |    84 ||   182
